Map: Dusk Towers

Players

ILLBdA - Winner!

  • Race: Protoss Protoss
  • League: Diamond

TraceOn

  • Race: Terran Terran
  • League: Diamond

VOD

Have the link to the VOD?

Description

Time

  • Played on: Dec. 20, 2015, 7:14 a.m.
  • Length: 8:08
Show
View Real Time Build Order
Export as new Build Order

ILLBdA Protoss - Winner!

Build Orders: Cannon Rush 

Get SALT Encoding   

  12  0:01  Probe (Chrono Boost)  
  13  0:11  Probe (Chrono Boost)  
  14  0:18  Pylon  
  14  0:22  Probe (Chrono Boost)  
  15  0:36  Probe (Chrono Boost)  
  15  0:40  Forge  
  16  0:47  Probe (Chrono Boost)  
  17  0:57  Probe (Chrono Boost)  
  18  1:09  Probe (Chrono Boost)  
  19  1:12  Pylon  
  19  1:16  Pylon x2  
  19  1:23  Pylon  
  19  1:30  Photon Cannon  
  18  1:35  Photon Cannon  
  18  1:44  Photon Cannon  
  18  1:49  Pylon  
  18  2:06  Pylon  
  18  2:07  Photon Cannon  
  18  2:12  Photon Cannon  
  18  2:14  Pylon  
  18  2:20  Pylon  
  17  2:30  Pylon  
  17  2:48  Photon Cannon  
  16  2:52  Photon Cannon  
  16  2:56  Photon Cannon  
  16  3:10  Photon Cannon  
  16  3:22  Gateway, Probe (Chrono Boost)  
  16  3:23  Assimilator  
  16  3:30  Assimilator  
  16  3:33  Probe (Chrono Boost)  
  17  3:43  Probe (Chrono Boost)  
  18  3:56  Probe (Chrono Boost)  
  19  4:06  Probe (Chrono Boost)  
  19  4:09  Cybernetics Core  
  20  4:17  Probe (Chrono Boost)  
  21  4:28  Probe (Chrono Boost)  
  22  4:35  Pylon  
  22  4:38  Probe (Chrono Boost)  
  23  4:45  Adept (Chrono Boost)  
  23  4:46  Warp Gate (Chrono Boost)  
  23  4:49  Mothership Core  
  27  4:54  Pylon  
  27  4:58  Stargate  
  27  5:16  Adept (Chrono Boost)  
  27  5:17  Nexus  
  29  5:36  Probe  
  30  5:44  Oracle (Chrono Boost)  
  33  5:50  Robotics Facility  
  31  6:12  Probe  
  36  6:18  Void Ray (Chrono Boost)  
  36  6:26  Gateway x2  
  36  6:50  Probe  
  36  6:51  Probe  
  38  6:54  Immortal (Chrono Boost)  
  42  7:01  Adept  
  42  7:06  Probe  
  42  7:07  Probe, Pylon  
  46  7:20  Probe  
  47  7:31  Adept x3  
Show
View Real Time Build Order
Export as new Build Order

TraceOn Terran 

Build Orders:  

Get SALT Encoding   

  12  0:01  SCV  
  13  0:13  SCV  
  14  0:18  Supply Depot  
  14  0:25  SCV  
  15  0:30  Refinery  
  15  0:39  SCV  
  16  0:45  Barracks  
  16  0:52  SCV  
  17  1:04  SCV  
  18  1:19  SCV  
  18  1:21  Barracks  
  19  1:32  Marine  
  20  1:44  Factory  
  20  1:50  Marine  
  21  2:03  SCV  
  21  2:13  Marine  
  22  2:29  Factory Tech Lab, Marine  
  22  2:34  Marine  
  22  2:47  Marine  
  21  2:52  Siege Tank  
  22  3:36  Orbital Command  
  22  3:51  Refinery  
  22  3:53  Refinery  
  22  4:02  Marine  
  23  4:26  Supply Depot x2  
  23  4:47  SCV  
  23  4:50  Factory Tech Lab  
  23  4:51  Starport  
  24  4:59  SCV  
  25  5:02  Marine  
  27  5:11  SCV  
  27  5:12  Siege Tank  
  30  5:22  Marine  
  30  5:27  Medivac  
  33  5:29  Marine  
  33  5:31  SCV  
  35  5:39  Supply Depot  
  35  5:42  Marine  
  36  5:57  Siege Tank  
  39  6:23  Marine x2  
  39  6:25  SCV  
  41  6:34  Widow Mine  
  34  6:53  Viking  
  36  7:22  Bunker  
  35  7:25  SCV  
  36  7:34  Viking  
Tags
 
Matchup
PvT
Replay Pack
me
Add a new tag
Caveats
  • Supply blocks, unpowered buildings, or Contaminate may cause inaccurate times.
  • Supply counts are checked every 10 seconds.